AAA
RICHMOND RAMS @ ANNAPOLIS ADMIRALS
04/21/2060
 
TOP OF THE 1ST
Richmond Rams batting - Pitching for Annapolis Admirals : LHP Bryn Gray
Pitching: LHP Bryn Gray
Batting: LHB Dominick Hanneken 0-0: Ball
1-0: Ball
2-0: Ball
3-0: Base on Balls
Batting: RHB Ken Daly 0-0: Called Strike
0-1: Called Strike
0-2: Ball
1-2: Ball
2-2: Foul Ball, location: 2F
2-2: Strikes out swinging
Batting: SHB Detwon Ayala 0-0: Ball
1-0: Ball
2-0: Ball
3-0: Called Strike
3-1: Foul Ball, location: 2F
3-2: Base on Balls
Dominick Hanneken to second
Batting: RHB Joseph Gazdaru 0-0: Called Strike
Dominick Hanneken steals 3rd base
0-1: Called Strike
0-2: Ball
1-2: SINGLE (Line Drive, 8LS, EV 107.5 MPH)
Dominick Hanneken scores
Detwon Ayala to second
Batting: RHB Lou Winfield 0-0: Called Strike
0-1: SINGLE (Line Drive, 4D, EV 105.0 MPH)
Detwon Ayala to third
Joseph Gazdaru to second
Runner from 3rd tries for Home, throw by CF and OUT! 8-2
Batting: RHB Linton Makepeace 0-0: Ball
1-0: Ball
2-0: Foul Ball, location: 2F
2-1: Fielders Choice at 2nd, 6-4 (Groundball, 6, EV 78.1 MPH)
Top of the 1st over - 1 run, 2 hits, 0 errors, 2 left on base; Richmond 1 - Annapolis 0
BOTTOM OF THE 1ST
Annapolis Admirals batting - Pitching for Richmond Rams : LHP Isaac King
Pitching: LHP Isaac King
Batting: LHB Gregg Flores 0-0: Ball
1-0: Foul Ball, location: 2F
1-1: Ball
2-1: Foul Ball, location: 2F
2-2: Strikes out swinging, 2-3 out at first.
Batting: RHB Trey Densmore 0-0: Ground out 4-3 (Groundball, 4, EV 88.8 MPH)
Batting: RHB Damian Youngs 0-0: Foul Ball, location: 2F
0-1: Ball
1-1: Ground out 6-3 (Groundball, 6, EV 76.2 MPH)
Bottom of the 1st over - 0 runs, 0 hits, 0 errors, 0 left on base; Richmond 1 - Annapolis 0
TOP OF THE 2ND
Richmond Rams batting - Pitching for Annapolis Admirals : LHP Bryn Gray
Batting: RHB Joey Shelton 0-0: Called Strike
0-1: Ball
1-1: Foul Ball, location: 2F
1-2: Strikes out looking
Batting: RHB Tommy Dupree 0-0: Called Strike
0-1: Ball
1-1: Ball
2-1: Called Strike
2-2: Fly out, F8 (Flyball, 8LD, EV 75.0 MPH)
Batting: LHB Kenny Hillestad 0-0: SINGLE (Groundball, 5D, EV 95.6 MPH)
Batting: LHB Dominick Hanneken 0-0: Ball
1-0: Ground out 4-3 (Groundball, 4, EV 76.2 MPH)
Top of the 2nd over - 0 runs, 1 hit, 0 errors, 1 left on base; Richmond 1 - Annapolis 0
BOTTOM OF THE 2ND
Annapolis Admirals batting - Pitching for Richmond Rams : LHP Isaac King
Batting: RHB Damon Dickinson 0-0: Called Strike
0-1: SINGLE (Groundball, 34D, EV 98.8 MPH)
Batting: RHB Antonio Boyle 0-0: Called Strike
0-1: Foul Ball, location: 2F
0-2: Hit by Pitch
Damon Dickinson to second
Batting: RHB Sonny Zidane 0-0: Foul Ball, location: 2F
0-1: Ball
1-1: DOUBLE (Flyball, 7LD, EV 91.9 MPH)
Damon Dickinson scores
Antonio Boyle to third
Batting: LHB Adrien Burshteyn 0-0: SINGLE (Line Drive, 6M, EV 102.5 MPH)
Antonio Boyle scores
Sonny Zidane to third
Batting: RHB Owen Orth 0-0: Ball
1-0: Fly out, F8 (Flyball, 8LS, EV 89.4 MPH)
Batting: LHB Charlie Estes 0-0: Called Strike
0-1: Ball
1-1: Foul Ball, location: 2F
1-2: Ball
2-2: Strikes out swinging
Batting: LHB Gregg Flores 0-0: Ball
1-0: Ball
2-0: Called Strike
2-1: Ball
3-1: Base on Balls
Adrien Burshteyn to second
Batting: RHB Trey Densmore 0-0: Fielders Choice at 2nd, 5-4 (Groundball, 5L, EV 83.8 MPH)
Bottom of the 2nd over - 2 runs, 3 hits, 0 errors, 3 left on base; Richmond 1 - Annapolis 2
TOP OF THE 3RD
Richmond Rams batting - Pitching for Annapolis Admirals : LHP Bryn Gray
Batting: RHB Ken Daly 0-0: Ball
1-0: Called Strike
1-1: Ball
2-1: Foul Ball, location: 2F
2-2: Ball
3-2: Foul Ball, location: 2F
3-2: Strikes out looking
Batting: SHB Detwon Ayala 0-0: Ball
1-0: Ball
2-0: Called Strike
2-1: Foul Ball, location: 2F
2-2: Strikes out swinging
Batting: RHB Joseph Gazdaru 0-0: Swinging Strike
0-1: Called Strike
0-2: Ball
1-2: Foul Ball, location: 2F
1-2: Foul Ball, location: 2F
1-2: Foul Ball, location: 2F
1-2: Foul Ball, location: 2F
1-2: Ball
2-2: Foul Ball, location: 2F
2-2: Ball
3-2: Foul Ball, location: 2F
3-2: Foul Ball, location: 2F
3-2: Foul Ball, location: 2F
3-2: Foul Ball, location: 2F
3-2: SINGLE (Flyball, 56D, EV 85.0 MPH)
Batting: RHB Lou Winfield 0-0: Ball
1-0: Ball
2-0: Swinging Strike
2-1: Foul Ball, location: 2F
2-2: Strikes out swinging
Top of the 3rd over - 0 runs, 1 hit, 0 errors, 1 left on base; Richmond 1 - Annapolis 2
BOTTOM OF THE 3RD
Annapolis Admirals batting - Pitching for Richmond Rams : LHP Isaac King
Batting: RHB Damian Youngs 0-0: Swinging Strike
0-1: Ball
1-1: Ball
2-1: Ball
3-1: Base on Balls
Batting: RHB Damon Dickinson 0-0: Ball
1-0: Called Strike
1-1: SINGLE (Line Drive, 6MD, EV 106.2 MPH)
Damian Youngs to second
Batting: RHB Antonio Boyle 0-0: Called Strike
0-1: Swinging Strike
0-2: Ball
1-2: Strikes out swinging
Batting: RHB Sonny Zidane 0-0: Swinging Strike
0-1: Ball
1-1: Ball
2-1: Ball
3-1: SINGLE (Groundball, 34D, EV 94.4 MPH)
Damian Youngs to third
Damon Dickinson to second
Batting: LHB Adrien Burshteyn 0-0: Called Strike
0-1: Ball
1-1: Ball
2-1: Foul Ball, location: 2F
2-2: Foul Ball, location: 2F
2-2: Ball
3-2: Grounds into double play, 6-4-3 (Groundball, 6, EV 85.6 MPH)
Bottom of the 3rd over - 0 runs, 2 hits, 0 errors, 2 left on base; Richmond 1 - Annapolis 2
TOP OF THE 4TH
Richmond Rams batting - Pitching for Annapolis Admirals : LHP Bryn Gray
Batting: RHB Linton Makepeace 0-0: Called Strike
0-1: Ball
1-1: Ground out 6-3 (Groundball, 6MS, EV 87.5 MPH)
Batting: RHB Joey Shelton 0-0: Ball
1-0: Foul Ball, location: 2F
1-1: Ball
2-1: Foul Ball, location: 2F
2-2: Ball
3-2: Strikes out swinging
Batting: RHB Tommy Dupree 0-0: Ball
1-0: Foul Ball, location: 2F
1-1: Fly out, F8 (Flyball, 89S, EV 91.9 MPH)
Top of the 4th over - 0 runs, 0 hits, 0 errors, 0 left on base; Richmond 1 - Annapolis 2
BOTTOM OF THE 4TH
Annapolis Admirals batting - Pitching for Richmond Rams : LHP Isaac King
Batting: RHB Owen Orth 0-0: Ball
1-0: Foul Ball, location: 2F
1-1: Called Strike
1-2: Strikes out swinging
Batting: LHB Charlie Estes 0-0: Foul Ball, location: 2F
0-1: SINGLE (Groundball, 5L, EV 83.8 MPH) (infield hit)
Batting: LHB Gregg Flores 0-0: Ball
1-0: Ball
2-0: Called Strike
2-1: Foul Ball, location: 2F
2-2: Foul Ball, location: 2F
2-2: Fly out, F8 (Flyball, 8LM, EV 86.9 MPH)
Batting: RHB Trey Densmore 0-0: Called Strike
0-1: Foul Ball, location: 2F
0-2: Strikes out swinging
Bottom of the 4th over - 0 runs, 1 hit, 0 errors, 1 left on base; Richmond 1 - Annapolis 2
TOP OF THE 5TH
Richmond Rams batting - Pitching for Annapolis Admirals : LHP Bryn Gray
Batting: LHB Kenny Hillestad 0-0: Ball
1-0: Foul Ball, location: 2F
1-1: Reached on error, E5 (Groundball, 56, EV 85.0 MPH)
Batting: LHB Dominick Hanneken 0-0: Ball
1-0: Called Strike
1-1: Fly out, F6 (Popup, 6MS, EV 85.0 MPH)
Batting: RHB Ken Daly 0-0: Ball
1-0: Fly out, F9 (Line Drive, 89M, EV 90.0 MPH)
Batting: SHB Detwon Ayala 0-0: Foul Ball, location: 2F
0-1: Ball
1-1: Ground out 4-3 (Groundball, 4, EV 101.9 MPH)
Top of the 5th over - 0 runs, 0 hits, 1 error, 1 left on base; Richmond 1 - Annapolis 2
BOTTOM OF THE 5TH
Annapolis Admirals batting - Pitching for Richmond Rams : LHP Isaac King
Batting: RHB Damian Youngs 0-0: Swinging Strike
0-1: Called Strike
0-2: SINGLE (Groundball, 6MD, EV 100.0 MPH)
Batting: RHB Damon Dickinson 0-0: Ball
1-0: Foul Ball, location: 2F
1-1: Fielders Choice at 2nd, 3-6 (Groundball, 34, EV 101.2 MPH)
Batting: RHB Antonio Boyle 0-0: Called Strike
0-1: Ball
1-1: Foul Ball, location: 2F
1-2: Foul Ball, location: 2F
1-2: Fly out, F8 (Flyball, 8RM, EV 81.2 MPH)
Batting: RHB Sonny Zidane 0-0: Called Strike
0-1: Called Strike
0-2: Strikes out swinging
Bottom of the 5th over - 0 runs, 1 hit, 0 errors, 1 left on base; Richmond 1 - Annapolis 2
TOP OF THE 6TH
Richmond Rams batting - Pitching for Annapolis Admirals : LHP Bryn Gray
Batting: RHB Joseph Gazdaru 0-0: Called Strike
0-1: Ground out 6-3 (Groundball, 6, EV 86.2 MPH)
Batting: RHB Lou Winfield 0-0: Called Strike
0-1: Fly out, F8 (Flyball, 8RD, EV 101.9 MPH)
Batting: RHB Linton Makepeace 0-0: Called Strike
0-1: Ball
1-1: Called Strike
1-2: Ball
2-2: Ground out 6-3 (Groundball, 6, EV 83.8 MPH)
Top of the 6th over - 0 runs, 0 hits, 0 errors, 0 left on base; Richmond 1 - Annapolis 2
BOTTOM OF THE 6TH
Annapolis Admirals batting - Pitching for Richmond Rams : LHP Isaac King
Batting: LHB Adrien Burshteyn 0-0: Ball
1-0: Called Strike
1-1: Foul Ball, location: 2F
1-2: Ball
2-2: Foul Ball, location: 2F
2-2: Ball
3-2: Foul Ball, location: 2F
3-2: Base on Balls
Pitching: RHP Tim Johnson
Batting: RHB Owen Orth 0-0: Ball
1-0: Fielders Choice at 2nd, 3-6 (Groundball, 3, EV 90.0 MPH)
Batting: LHB Charlie Estes 0-0: Called Strike
0-1: Ball
1-1: Fly out, F4 (Popup, 4, EV 61.9 MPH)
Batting: LHB Gregg Flores 0-0: Ball
Owen Orth is caught stealing 2nd base 2-6
Bottom of the 6th over - 0 runs, 0 hits, 0 errors, 0 left on base; Richmond 1 - Annapolis 2
TOP OF THE 7TH
Richmond Rams batting - Pitching for Annapolis Admirals : LHP Bryn Gray
Batting: RHB Joey Shelton 0-0: Fly out, F9 (Flyball, 89S, EV 78.1 MPH)
Pitching: RHP Shadell Williams
Pinch Hitting: LHB Logan Sparks 0-0: Foul Ball, location: 2F
0-1: Ball
1-1: Ball
2-1: Called Strike
2-2: Strikes out looking
Batting: LHB Kenny Hillestad 0-0: Ball
1-0: Fly out, F9 (Flyball, 89M, EV 95.0 MPH)
Top of the 7th over - 0 runs, 0 hits, 0 errors, 0 left on base; Richmond 1 - Annapolis 2
BOTTOM OF THE 7TH
Annapolis Admirals batting - Pitching for Richmond Rams : RHP Tim Johnson
Now at 2B: Logan Sparks
Now at 3B: Joey Shelton
Now at SS: Kenny Hillestad
Batting: LHB Gregg Flores 0-0: Ball
1-0: Ball
2-0: SINGLE (Groundball, 6MS, EV 68.8 MPH) (infield hit)
Batting: RHB Trey Densmore 0-0: Ball
1-0: Bunt missed!
1-1: Sac Bunt to P - play at first, batter OUT! 1-3
Gregg Flores to second
Batting: RHB Damian Youngs 0-0: Intentional Walk
Batting: RHB Damon Dickinson 0-0: Foul Ball, location: 2F
0-1: Foul Ball, location: 2F
0-2: Ball
Wild Pitch!
Gregg Flores to third
Damian Youngs to second
1-2: Fly out, F7 (Flyball, 7LM, EV 89.4 MPH)
Batting: RHB Antonio Boyle 0-0: Called Strike
0-1: Ball
1-1: Ball
2-1: SINGLE (Groundball, 25, EV 68.8 MPH) (infield hit)
Gregg Flores scores
Damian Youngs to third
Batting: RHB Sonny Zidane 0-0: Ball
1-0: Ball
2-0: Called Strike
2-1: Ball
3-1: Called Strike
3-2: SINGLE (Groundball, 56D, EV 108.8 MPH)
Damian Youngs scores
Antonio Boyle to second
Antonio Boyle to third
Batting: LHB Adrien Burshteyn 0-0: Called Strike
0-1: SINGLE (Groundball, 4MD, EV 95.6 MPH)
Antonio Boyle scores
Sonny Zidane to second
Pitching: LHP Hayden Ramirez
Batting: RHB Owen Orth 0-0: Ball
1-0: Ball
2-0: Foul Ball, location: 2F
2-1: Called Strike
2-2: SINGLE (Line Drive, 4MD, EV 99.4 MPH)
Sonny Zidane to third
Adrien Burshteyn to second
Batting: LHB Charlie Estes 0-0: Ball
1-0: Ball
2-0: Swinging Strike
2-1: Swinging Strike
2-2: Ball
3-2: SINGLE (Flyball, 6D, EV 91.2 MPH)
Sonny Zidane scores
Adrien Burshteyn to third
Owen Orth to second
Adrien Burshteyn scores
Owen Orth to third
Batting: LHB Gregg Flores 0-0: Ball
1-0: Ball
2-0: Foul Ball, location: 2F
2-1: SINGLE (Flyball, 8LS, EV 92.5 MPH)
Owen Orth scores
Charlie Estes to second
Pinch Hitting: LHB De'Mon Ferguson 0-0: Ball
1-0: Foul Ball, location: 2F
1-1: Called Strike
1-2: Ball
2-2: Ball
3-2: Reached on error, E8 (Flyball, 78D, EV 90.6 MPH)
Charlie Estes scores
Gregg Flores to third
Batting: RHB Damian Youngs 0-0: Ball
1-0: Ball
2-0: Ball
3-0: Called Strike
3-1: Swinging Strike
3-2: Foul Ball, location: 2F
3-2: Strikes out looking
Bottom of the 7th over - 7 runs, 7 hits, 1 error, 2 left on base; Richmond 1 - Annapolis 9
TOP OF THE 8TH
Richmond Rams batting - Pitching for Annapolis Admirals : RHP Shadell Williams
Now at 1B: De'Mon Ferguson
Now at 2B: Sonny Zidane
Batting: LHB Dominick Hanneken 0-0: Called Strike
0-1: Ball
1-1: Fly out, F8 (Flyball, 8LXD, EV 98.8 MPH)
Pinch Hitting: RHB Armand Vanek 0-0: Called Strike
0-1: Foul Ball, location: 2F
0-2: Ball
1-2: Ball
2-2: Ball
3-2: Foul Ball, location: 2F
3-2: Foul Ball, location: 2F
3-2: Strikes out swinging
Batting: SHB Detwon Ayala 0-0: Ball
1-0: Swinging Strike
1-1: Foul Ball, location: 2F
1-2: DOUBLE (Line Drive, 9LM, EV 106.2 MPH)
Batting: RHB Joseph Gazdaru 0-0: Ball
1-0: Ball
2-0: Ball
3-0: Base on Balls
Batting: RHB Lou Winfield 0-0: Ball
1-0: Ball
2-0: Ball
3-0: Base on Balls
Detwon Ayala to third
Joseph Gazdaru to second
Pinch Hitting: LHB Nate Rowell 0-0: Ball
1-0: Ball
2-0: Called Strike
2-1: Ball
3-1: Swinging Strike
3-2: Foul Ball, location: 2F
3-2: SINGLE (Groundball, 34D, EV 106.9 MPH)
Detwon Ayala scores
Joseph Gazdaru to third
Lou Winfield to second
Joseph Gazdaru scores
Lou Winfield to third
Pinch Hitting: LHB Jess Hajiev 0-0: Ball
1-0: Foul Ball, location: 2F
1-1: Foul Ball, location: 2F
1-2: Strikes out swinging, 2-3 out at first.
Top of the 8th over - 2 runs, 2 hits, 0 errors, 2 left on base; Richmond 3 - Annapolis 9
BOTTOM OF THE 8TH
Annapolis Admirals batting - Pitching for Richmond Rams : LHP Hayden Ramirez
Now at 3B: Nate Rowell
Now in LF: Detwon Ayala
Now in CF: Jess Hajiev
Now in RF: Armand Vanek
Batting: RHB Damon Dickinson 0-0: Ball
1-0: Fly out, F9 (Flyball, 89S, EV 78.8 MPH)
Batting: RHB Antonio Boyle 0-0: Called Strike
0-1: Fly out, F8 (Flyball, 8LM, EV 97.5 MPH)
Batting: RHB Sonny Zidane 0-0: Called Strike
0-1: Ground out 6-3 (Groundball, 6, EV 106.9 MPH)
Bottom of the 8th over - 0 runs, 0 hits, 0 errors, 0 left on base; Richmond 3 - Annapolis 9
TOP OF THE 9TH
Richmond Rams batting - Pitching for Annapolis Admirals : RHP Shadell Williams
Pitching: LHP Jonas Zimmerman
Batting: LHB Logan Sparks 0-0: Called Strike
0-1: Ball
1-1: Ground out 4-3 (Groundball, 4, EV 86.9 MPH)
Batting: LHB Kenny Hillestad 0-0: Ball
1-0: Ball
2-0: SINGLE (Groundball, 34D, EV 100.6 MPH)
Batting: LHB Dominick Hanneken 0-0: Fly out, F7 (Flyball, 7D, EV 93.8 MPH)
Batting: RHB Armand Vanek 0-0: Fly out, F8 (Flyball, 8LD, EV 105.0 MPH)
Top of the 9th over - 0 runs, 1 hit, 0 errors, 1 left on base; Richmond 3 - Annapolis 9
Monday, April 29th , 2024 - OOTP Baseball 23.10 Build 110